 Dungeon Crawl Stone Soup version 0.23.2-33-g5129a83184 (webtiles) character file.

Game seed: 11637206954740928686

303 Atelerd the Magician (level 6, 0/36 HPs)
             Began as an Octopode Wizard on July 10, 2019.
             Succumbed to an adder's poison
             ... on level 3 of the Dungeon.
             The game lasted 00:07:07 (3276 turns).

Atelerd the Magician (Octopode Wizard)              Turns: 3276, Time: 00:07:08

Health: 0/36       AC:  1    Str:  6    XL:     6   Next: 38%
Magic:  2/12       EV: 19    Int: 22    God:
Gold:   86         SH:  0    Dex: 16    Spells: 5/14 levels left

rFire    . . .     SeeInvis .   e - +0 short sword
rCold    . . .     Gourm    .   (no shield)
rNeg     . . .     Faith    .   a - +0 hat
rPois    .         Spirit   .   (no amulet)
rElec    .         Reflect  .   k - ring of teleportation (curse)
rCorr    .         Harm     .   (no ring)
MR       .....     Rnd*Tele +   (no ring)
Stlth    ++++......             (no ring)
HPRegen  0.12/turn              (no ring)
MPRegen  0.13/turn              (no ring)
                                (no ring)
                                (no ring)

@: agile, lethally poisoned (0 -> -22), flying, hasted and slowed
A: almost no armour, stealthy swim, amphibious, 8 rings, constrict 8, camouflage
1, gelatinous body 1
a: no special abilities


You were on level 3 of the Dungeon.
You were very hungry.

You visited 1 branch of the dungeon, and saw 3 of its levels.

You collected 86 gold pieces.

Inventory:

Hand Weapons
 e - a +0 short sword (weapon)
 f - a +0 short sword
 n - a +0 blowgun
Missiles
 o - 8 poisoned needles
Armour
 a - a +0 hat (worn)
Jewellery
 k - a cursed ring of teleportation (left tentacle)
Scrolls
 g - a scroll of remove curse {unknown}
 j - a scroll of amnesia {unknown}
 l - a scroll of enchant weapon {unknown}
 m - a scroll of enchant armour {unknown}
Potions
 b - a potion of haste
Comestibles
 c - 3 rations


   Skills:
 - Level 2.0 Dodging
 - Level 2.6 Stealth
 + Level 4.5 Spellcasting
 + Level 3.6 Conjurations
   Level 1.0 Summonings
 - Level 1.0 Translocations
 + Level 2.1 Air Magic
 + Level 2.6 Poison Magic


You had 5 spell levels left.
You knew the following spells:

 Your Spells              Type           Power        Failure   Level  Hunger
a - Magic Dart            Conj           ###.         2%          1    None
b - Mephitic Cloud        Conj/Pois/Air  ###.....     11%         3    ##.....
c - Blink                 Tloc           N/A          11%         2    #......
d - Conjure Flame         Conj/Fire      ##......     16%         3    ##.....

Your spell library contained the following spells:

 Spells                   Type           Power        Failure   Level  Hunger
 Call Imp                 Summ           #.......     11%         2    #......
 Slow                     Hex            #.......     16%         2    #......


Dungeon Overview and Level Annotations

Branches:
Dungeon (3/15)

Altars:
Fedhas

Annotations:
D:2 exclusion: downstairs


Innate Abilities, Weirdness & Mutations

You cannot wear most types of armour.
You are very stealthy in the water. (Stealth+)
You are amphibious.
You can wear up to eight rings at the same time.
You can use your tentacles to constrict eight enemies at once.
Your skin changes colour to match your surroundings (Stealth+).
Your rubbery body absorbs attacks. (AC +1, EV +1)


Message History

The orc wizard points at you and mumbles some strange words.
You resist with some effort.
The kobold shoots a poisoned needle.
The poisoned needle hits you!
You are more poisoned.
The adder misses you.
You hit the adder.
The adder is almost dead.
You constrict the orc wizard. You constrict the adder.
* * * LOW HITPOINT WARNING * * *
You feel sick. The orc wizard misses you. The adder bites you.
* * * LOW HITPOINT WARNING * * *
You are more poisoned.
The adder poisons you!
The kobold shoots a poisoned needle.
The poisoned needle misses you.
You hit the adder.
You kill the adder!
Your Air Magic skill increases to level 2!
You constrict the orc wizard.
You kill the orc wizard!
You die...

#)###..# ##
#######...(..##### ...
........<........>. #..
####.##..###.####.#
#..###.#.##).# #.#
..##....#.......#.#.#
............÷........
.......%......)#..###
.....#(....[†@(...#
..#.....#.........#..##
..#.........).÷.........
..S.........).....#.###.
.....#..#..K##....#.###
.......#)...#........#
#.....))..#....#.#.#
#.#.÷)....#.#.##....
#(.(....#.#.# #.#


You could see a kobold.

Vanquished Creatures
  A bullfrog (D:2)
  An orc priest (D:3)
  An orc wizard (D:3)
  7 gnolls (D:2)
  6 adders
  A worm (D:2)
  A dart slug (D:2)
  A leopard gecko (D:1)
  7 orcs (D:3)
  2 giant cockroaches
  8 hobgoblins
  A ball python (D:3)
  8 bats
  4 frilled lizards
  9 goblins
  4 kobolds
  3 rats
65 creatures vanquished.

Notes
Turn   | Place    | Note
-------+----------+-------------------------------------------
     0 | D:1      | Atelerd the Octopode Wizard began the quest for the Orb.
     0 | D:1      | Reached XP level 1. HP: 11/11 MP: 4/4
   290 | D:1      | Reached XP level 2. HP: 14/17 MP: 6/6
   881 | D:2      | Reached XP level 3. HP: 19/21 MP: 8/8
   886 | D:2      | Learned a level 3 spell: Mephitic Cloud
   889 | D:2      | Learned a level 2 spell: Blink
   893 | D:2      | Learned a level 3 spell: Conjure Flame
  1064 | D:2      | Found a blossoming altar of Fedhas.
  1146 | D:2      | Reached XP level 4. HP: 7/27 MP: 1/9
  1468 | D:2      | Reached skill level 4 in Spellcasting
  1765 | D:2      | Reached skill level 1 in Poison Magic
  1789 | D:2      | Noticed a bullfrog
  1803 | D:2      | Killed a bullfrog
  1803 | D:2      | Reached skill level 1 in Air Magic
  1803 | D:2      | Reached XP level 5. HP: 9/31 MP: 5/11
  2933 | D:3      | Reached XP level 6. HP: 36/36 MP: 0/12
  3276 | D:3      | Succumbed to an adder's poison

Skill      XL: |  1  2  3  4  5  6 |
---------------+-------------------+-----
Conjurations   | 2 3 |  3.6
Spellcasting   | 4 |  4.5
Poison Magic   | 1 2 |  2.6
Air Magic      | 1 2 |  2.1
Dodging        | |  2.0
Stealth        | |  2.6
Summonings     | |  1.0
Translocations | |  1.0

Action                   |  1- 3 |  4- 6 || total
-------------------------+-------+-------++-------
Melee: Unarmed           |    22 |       ||    22
       Constrict         |    17 |    19 ||    36
       Tentacles         |     7 |     4 ||    11
       Short sword       |    39 |    52 ||    91
 Cast: Magic Dart        |    26 |    44 ||    70
       Blink             |     3 |     1 ||     4
       Mephitic Cloud    |     1 |    13 ||    14
       Conjure Flame     |       |     1 ||     1
  Use: Potion            |     2 |     4 ||     6
       Scroll            |       |     2 ||     2
 Stab: Sleeping          |     7 |       ||     7
       Confused          |     1 |     2 ||     3
  Eat: Ration            |       |     1 ||     1
       Chunk             |       |     4 ||     4
Armor: Skin              |     3 |     4 ||     7
Dodge: Dodged            |    45 |    58 ||   103
